[Event "ICC tourney 2171 (3 2)"]
[Site "Internet Chess Club"]
[Date "2020.12.04"]
[Round "6"]
[White "Goran21"]
[Black "jy2020"]
[Result "0-1"]
[ICCResult "White resigns"]
[WhiteElo "1812"]
[BlackElo "1847"]
[Opening "Sicilian"]
[ECO "B50"]
[NIC "SI.01"]
[Time "23:11:11"]
[TimeControl "180+2"]

1. e4 c5 2. Nf3 d6 3. c3 Nf6 4. Be2 Nc6 5. d4 cxd4 6. cxd4 Nxe4 7. d5 Qa5+
8. Nc3 Nxc3 9. bxc3 Ne5 10. Nxe5 Qxc3+ 11. Bd2 Qxe5 12. O-O Bd7 13. Rc1 Qb2
14. Rb1 Qxa2 15. Rxb7 Qxd5 16. Bf3 Qc4 17. Rxd7 Kxd7 18. Bxa8 e6 19. Be3 d5
20. Qf3 f6 21. Rc1 Qb4 22. Bc6+ Kd8 23. Bxa7 Bd6 24. Qe3 Qf4 25. Qb6+ Bc7
26. Qc5 Qxh2+ 27. Kf1 Qh1+ 28. Ke2 Qxg2 29. Bxd5 Qh2 30. Bf3 Qe5+ 31. Qxe5
Bxe5 32. Bb6+ Ke7 33. Bc5+ Kf7 34. Be3 Rd8 35. Rb1 Rd7 36. Bc6 Rc7 37. Bf3
g6 38. Rh1 h5 39. Rg1 h4 40. Rh1 g5 41. Bh5+ Kg7 42. Bg4 f5 43. Bf3 Kf6 44.
Kd3 g4 45. Be2 h3 46. f3 gxf3 47. Bxf3 h2 48. Ke2 Rc2+ 49. Kd3 Ra2 50. Bb6
Bg3 51. Bd8+ Kg6 52. Rb1 Bf4 53. Re1 Rd2+ 54. Kc3 Rxd8 55. Rxe6+ Kg5 56. Re7
Rh8 57. Bh1 Rh3+ 58. Kc2 Kf6 59. Re8 Rg3 60. Ba8 Rg1 61. Rh8 Kg7 62. Rh3 Kg6
63. Bf3 Kg5 64. Rh5+ Kg6 65. Rh4 Bg3 66. Rh3 Kg5 67. Kd3 Kf4 68. Bb7 Kg4 69.
Rh7 f4 70. Bc8+ Kf3 71. Rh3 Kf2 72. Bb7 f3 73. Rxg3 Kxg3 {White resigns} 0-1

[Event "ICC tourney 2171 (3 2)"]
[Site "Internet Chess Club"]
[Date "2020.12.04"]
[Round "6"]
[White "cjcardoso"]
[Black "garfield92037"]
[Result "0-1"]
[ICCResult "White forfeits on time"]
[WhiteElo "1425"]
[BlackElo "1506"]
[Opening "Sicilian: Nimzovich-Rossolimo attack (with ...g6, without ...d6)"]
[ECO "B31"]
[NIC "SI.31"]
[Time "23:11:36"]
[TimeControl "180+2"]

1. e4 c5 2. Nf3 Nc6 3. Bb5 g6 4. c3 Bg7 5. O-O e6 6. Re1 Nge7 7. e5 O-O 8.
d4 cxd4 9. cxd4 a6 10. Bd3 d6 11. Bc2 dxe5 12. dxe5 Qxd1 13. Bxd1 b6 14. Nc3
Bb7 15. Bg5 Rac8 16. Bb3 Nf5 17. Rad1 h6 18. Bc1 Rfd8 19. Bf4 Ncd4 20. Nxd4
Nxd4 21. Be3 Nxb3 22. axb3 b5 23. f4 b4 24. Na4 Rxd1 25. Rxd1 Rc2 26. Rd2
Rxd2 27. Bxd2 Bd5 28. Nc5 a5 29. Kf2 Bf8 30. Nd7 Bxb3 31. Nf6+ Kg7 32. Ke3
Be7 33. Ne4 Bd5 34. g3 Kf8 35. Nf2 Ke8 36. Nd3 Kd7 37. Kd4 Kc6 38. Be1 Kb5
39. Bf2 a4 40. Ke3 a3 41. bxa3 bxa3 42. Kd2 Kc4 {White forfeits on time} 0-1

[Event "ICC tourney 2171 (3 2)"]
[Site "Internet Chess Club"]
[Date "2020.12.04"]
[Round "6"]
[White "Openyagami"]
[Black "TjkTiger"]
[Result "1/2-1/2"]
[ICCResult "Game drawn by repetition"]
[WhiteElo "2654"]
[BlackElo "2347"]
[Opening "English: symmetrical variation"]
[ECO "A30"]
[NIC "EO.64"]
[Time "23:10:45"]
[TimeControl "180+2"]

1. c4 c5 2. Nf3 g6 3. g3 Bg7 4. Bg2 Nc6 5. O-O d6 6. Nc3 Rb8 7. e3 Nh6 8. d4
cxd4 9. exd4 Bg4 10. d5 Ne5 11. Qa4+ b5 12. Nxb5 Bxf3 13. Nd4+ Qd7 14. Qxd7+
Kxd7 15. Nxf3 Nf5 16. Nxe5+ Bxe5 17. c5 dxc5 18. Rb1 c4 19. Re1 Bf6 20. Bf1
c3 21. a4 Nd6 22. b4 Rhc8 23. Rb3 c2 24. Bh3+ Nf5 25. Bf4 Rb6 26. Rc1 Kd8
27. a5 Rb5 28. d6 exd6 29. Bxf5 gxf5 30. Rd3 Bb2 31. Rxd6+ Ke7 32. Re1+ Kf8
33. Bh6+ Bg7 34. Be3 Rxb4 35. Bc5 Kg8 36. Bxb4 c1=Q 37. Rxc1 Rxc1+ 38. Kg2
Rc8 39. Rd7 a6 40. Ra7 Bd4 41. Rxa6 Rc2 42. Be1 Rc1 43. Rd6 Be5 44. Rd8+ Kg7
45. Bd2 Ra1 46. Rd5 f6 47. h4 Ra2 48. Kf3 Kg6 49. Be3 Bc3 50. Bb6 h5 51. Rd8
Bxa5 52. Bd4 Ra3+ 53. Kg2 Bc3 54. Bc5 Ra5 55. Rc8 Be5 56. Rg8+ Kf7 57. Rc8
Ra2 58. Be3 Ra4 59. Rh8 f4 60. gxf4 Bxf4 61. Rxh5 Bxe3 62. fxe3 Kg6 63. Rh8
Kg7 64. Rh5 Kg6 65. Rh8 Kg7 66. Rh5 Kg6 {Game drawn by repetition} 1/2-1/2

[Event "ICC tourney 2171 (3 2)"]
[Site "Internet Chess Club"]
[Date "2020.12.04"]
[Round "6"]
[White "JohnnyHop98"]
[Black "chiringuito"]
[Result "1/2-1/2"]
[ICCResult "Game drawn by repetition"]
[WhiteElo "1752"]
[BlackElo "1841"]
[Opening "Queen's pawn game"]
[ECO "D00"]
[NIC "QP.07"]
[Time "23:23:03"]
[TimeControl "180+2"]

1. d4 Nf6 2. Nc3 d5 3. Bf4 Bf5 4. f3 h5 5. e3 e6 6. Bd3 Bxd3 7. Qxd3 Bd6 8.
Nge2 c6 9. Bxd6 Qxd6 10. e4 dxe4 11. fxe4 e5 12. O-O-O O-O 13. Ng3 exd4 14.
Qxd4 Qxd4 15. Rxd4 Nbd7 16. Nxh5 Rfe8 17. Nxf6+ Nxf6 18. Re1 Re5 19. Kd2
Rae8 20. b4 g6 21. Kd3 R8e7 22. Nd1 Kg7 23. c4 c5 24. bxc5 Rxc5 25. Nc3 Nd7
26. Nd5 Ne5+ 27. Kc3 Re8 28. Rb1 b6 29. Rb5 Rc6 30. Ne3 f6 31. g4 Re7 32.
Nd5 Re8 33. h3 Rh8 34. Nf4 Rhc8 35. Rb4 a5 36. Ra4 b5 37. Rxa5 Rxc4+ 38.
Rxc4 Rxc4+ 39. Kb3 Rxe4 40. Nd5 Rd4 41. Ra7+ Nf7 42. Nc7 Rd3+ 43. Kc2 Rxh3
44. Ne6+ Kg8 45. Ra8+ Kh7 46. Ra7 Kg8 47. Ra8+ Kh7 48. Ra7 Kg8
{Game drawn by repetition}
1/2-1/2

[Event "ICC tourney 2171 (3 2)"]
[Site "Internet Chess Club"]
[Date "2020.12.04"]
[Round "7"]
[White "BreatheChessAls"]
[Black "Pugnacious"]
[Result "1-0"]
[ICCResult "Black resigns"]
[WhiteElo "1674"]
[BlackElo "1661"]
[Opening "Queen's pawn: London system"]
[ECO "A45"]
[NIC "QP.07"]
[Time "23:47:22"]
[TimeControl "180+2"]

1. d4 Nf6 2. Bf4 d5 3. e3 c5 4. c3 Qb6 5. Qb3 Bf5 6. dxc5 Qc6 7. Bb5 Nbd7 8.
Bxc6 bxc6 9. Qb7 Rd8 10. Bc7 e6 11. Bxd8 Kxd8 12. Nd2 Bxc5 13. Ngf3 Ke7 14.
Ne5 Rb8 15. Nxc6+ Kf8 16. Nxb8 Nxb8 17. Qxb8+ Ke7 18. Qc7+ Nd7 19. Nf3 Bd3
20. Ne5 {Black resigns} 1-0

[Event "ICC tourney 2171 (3 2)"]
[Site "Internet Chess Club"]
[Date "2020.12.04"]
[Round "7"]
[White "pmchess98"]
[Black "wildrumpus"]
[Result "1-0"]
[ICCResult "Black resigns"]
[WhiteElo "1413"]
[BlackElo "1368"]
[Opening "Caro-Kann: advance variation"]
[ECO "B12"]
[NIC "CK.04"]
[Time "23:47:32"]
[TimeControl "180+2"]

1. e4 c6 2. d4 d5 3. e5 Bf5 4. Ne2 e6 5. Ng3 Bg6 6. h4 h5 7. Bd3 Bxd3 8.
Qxd3 Qa5+ 9. c3 Qa6 10. Qf3 Ne7 11. Nxh5 Nf5 12. g4 Nh6 13. Bxh6 Rxh6 14. g5
Rh8 15. Nf4 Nd7 16. g6 f6 17. Nxe6 c5 18. Nc7+ {Black resigns} 1-0

[Event "ICC tourney 2171 (3 2)"]
[Site "Internet Chess Club"]
[Date "2020.12.04"]
[Round "7"]
[White "coolsportsguy"]
[Black "hggonzalezzss"]
[Result "1-0"]
[ICCResult "Black checkmated"]
[WhiteElo "1628"]
[BlackElo "1507"]
[Opening "Queen's pawn, Mason variation"]
[ECO "D00"]
[NIC "QP.08"]
[Time "23:47:30"]
[TimeControl "180+2"]

1. d4 d5 2. Bf4 Nf6 3. e3 e6 4. Nd2 Bd6 5. Bg3 O-O 6. Ngf3 Bxg3 7. hxg3 b6
8. c3 Bb7 9. Bd3 Nbd7 10. Qc2 h6 11. e4 dxe4 12. Nxe4 Nxe4 13. Bxe4 Bxe4 14.
Qxe4 Nf6 15. Qc2 Rc8 16. O-O-O Qe8 17. Kb1 c5 18. Ne5 cxd4 19. Rxd4 Qb5 20.
f4 Rfd8 21. Qd1 Nd5 22. Ka1 Qa5 23. c4 Nb4 24. Rxd8+ Kh7 25. Qb1+ g6 26.
Rxc8 Qa4 27. b3 Qa6 28. Rxh6+ Kg7 29. Rxg6+ Kh7 30. Qh1# {Black checkmated}
1-0

[Event "ICC tourney 2171 (3 2)"]
[Site "Internet Chess Club"]
[Date "2020.12.04"]
[Round "7"]
[White "rishik99"]
[Black "GrandPatzer5"]
[Result "0-1"]
[ICCResult "White checkmated"]
[WhiteElo "1259"]
[BlackElo "1851"]
[Opening "Vienna game"]
[ECO "C26"]
[NIC "VG.02"]
[Time "23:47:28"]
[TimeControl "180+2"]

1. e4 e5 2. Nc3 Nf6 3. Bc4 Bc5 4. d3 Nc6 5. f4 d6 6. Nf3 Be6 7. Bb3 Nd4 8.
Na4 Bg4 9. Nxc5 dxc5 10. fxe5 Nh5 11. Be3 Bxf3 12. gxf3 Qh4+ 13. Bf2 Qh3 14.
c3 Nxf3+ 15. Ke2 O-O-O 16. Qc1 Qg4 17. h3 Nd4+ 18. Ke1 Qe2# {White
checkmated} 0-1

[Event "ICC tourney 2171 (3 2)"]
[Site "Internet Chess Club"]
[Date "2020.12.04"]
[Round "7"]
[White "akshajp"]
[Black "PearsonH"]
[Result "0-1"]
[ICCResult "White checkmated"]
[WhiteElo "1187"]
[BlackElo "1400"]
[Opening "Queen's pawn"]
[ECO "A40"]
[NIC "QO.17"]
[Time "23:47:23"]
[TimeControl "180+2"]

1. d4 e6 2. Nc3 d5 3. Bf4 Bd6 4. Bxd6 Qxd6 5. f3 Nf6 6. Qd2 c5 7. dxc5 Qxc5
8. O-O-O b5 9. e4 b4 10. Nb5 a6 11. Nd4 O-O 12. exd5 Nxd5 13. Nb3 Qb6 14.
Qd4 Qc7 15. Bd3 Nc6 16. Qh4 Nf6 17. g4 Ne5 18. g5 Nxd3+ 19. Rxd3 Nd5 20. Ne2
Bb7 21. f4 Rfc8 22. Ned4 Nxf4 23. Rdd1 Bxh1 24. Rxh1 Ne2+ 25. Kb1 Nxd4 26.
Nxd4 Rd8 27. g6 hxg6 28. Qg4 Rac8 29. h4 Rxd4 30. Qxd4 Qxc2+ 31. Ka1 Qc1+
32. Rxc1 Rxc1# {White checkmated} 0-1

[Event "ICC tourney 2171 (3 2)"]
[Site "Internet Chess Club"]
[Date "2020.12.04"]
[Round "7"]
[White "yogokings12"]
[Black "cjcardoso"]
[Result "1-0"]
[ICCResult "Black resigns"]
[WhiteElo "1527"]
[BlackElo "1413"]
[Opening "Caro-Kann: Tartakower (Nimzovich) variation"]
[ECO "B15"]
[NIC "CK.06"]
[Time "23:47:22"]
[TimeControl "180+2"]

1. e4 c6 2. d4 d5 3. Nc3 dxe4 4. Nxe4 Nf6 5. Nxf6+ exf6 6. c3 Bd6 7. Bd3 Be6
8. Ne2 O-O 9. O-O Re8 10. Bf4 Qc7 11. Bxd6 Qxd6 12. Qc2 h6 13. Ng3 Nd7 14.
Rfe1 Nb6 15. Ne4 Qc7 16. Nc5 Bc4 17. b3 Bxd3 18. Qxd3 Nd5 19. g3 b6 20. Ne4
Qd7 21. Nd2 Qg4 22. Nc4 Nf4 23. Qf1 Nh3+ 24. Kg2 Ng5 25. f4 Ne6 26. Ne3 Qg6
27. f5 Nf4+ 28. Qxf4 {Black resigns} 1-0

[Event "ICC tourney 2171 (3 2)"]
[Site "Internet Chess Club"]
[Date "2020.12.04"]
[Round "7"]
[White "Shakhmatova"]
[Black "Goran21"]
[Result "0-1"]
[ICCResult "White resigns"]
[WhiteElo "1547"]
[BlackElo "1814"]
[Opening "Sicilian: closed"]
[ECO "B23"]
[NIC "SI.44"]
[Time "23:47:28"]
[TimeControl "180+2"]

1. e4 c5 2. Nc3 d6 3. f4 Nf6 4. Nf3 e6 5. d3 Nc6 6. g3 Be7 7. Bg2 O-O 8. O-O
Rb8 9. h3 b5 10. a3 b4 11. axb4 cxb4 12. Ne2 a5 13. e5 dxe5 14. fxe5 Nd5 15.
d4 Ba6 16. Rf2 Qb6 17. Nf4 Nxf4 18. Bxf4 Rfd8 19. c3 bxc3 20. bxc3 h6 21.
Be3 Bb7 22. Qd2 Bf8 23. Kh2 Ne7 24. d5 Qa6 25. d6 Nf5 26. Bc5 Rbc8 27. Ba3
Bxf3 28. Rxf3 Qb5 29. g4 Qxe5+ 30. Kg1 Nxd6 31. Re1 Qb5 32. Bc1 a4 33. Bf1
Qc6 34. Qf2 Ne4 35. Qg2 Bc5+ 36. Kh1 Nf2+ 37. Kh2 Bd6+ 38. Kg1 Ne4 39. Bd3
Ng5 40. Rfe3 Bc5 41. Qg3 Nf3+ 42. Kf2 Nxe1 43. Kxe1 Bxe3 44. Qxe3 Qxc3+ 45.
Bd2 Qxd3 46. Qxd3 Rxd3 {White resigns} 0-1

[Event "ICC tourney 2171 (3 2)"]
[Site "Internet Chess Club"]
[Date "2020.12.04"]
[Round "7"]
[White "TheChessShark"]
[Black "avocuddle"]
[Result "1-0"]
[ICCResult "Black checkmated"]
[WhiteElo "1391"]
[BlackElo "1431"]
[Opening "French: Burn variation"]
[ECO "C11"]
[NIC "FR.05"]
[Time "23:47:26"]
[TimeControl "180+2"]

1. d4 Nf6 2. Nc3 d5 3. Bg5 e6 4. e4 dxe4 5. Nxe4 Be7 6. Bxf6 Bxf6 7. Nf3 Nd7
8. c3 O-O 9. Bd3 b6 10. Qe2 Bb7 11. O-O-O Be7 12. h4 Nf6 13. Neg5 h6 14.
Nxe6 fxe6 15. Qxe6+ Kh8 16. Ne5 Be4 17. Bxe4 Nxe4 18. Ng6+ Kh7 19. Nxf8+
Qxf8 20. Qxe4+ Kh8 21. Rhe1 Bf6 22. Re3 a5 23. Rf3 a4 24. g4 a3 25. b3 Re8
26. Qg6 Qe7 27. g5 hxg5 28. hxg5 Bxg5+ 29. Kb1 Qe2 30. Rh1+ Bh6 31. Rxh6+
gxh6 32. Qxh6+ Kg8 33. Rg3+ Kf7 34. Qg7+ Ke6 35. Re3+ Qxe3 36. fxe3 Re7 37.
Qe5+ Kd7 38. Qd5+ Kc8 39. e4 Rd7 40. Qa8# {Black checkmated} 1-0

[Event "ICC tourney 2171 (3 2)"]
[Site "Internet Chess Club"]
[Date "2020.12.04"]
[Round "7"]
[White "SicilianEnding"]
[Black "abelMZ084"]
[Result "1-0"]
[ICCResult "Black checkmated"]
[WhiteElo "1805"]
[BlackElo "1283"]
[Opening "Giuoco Pianissimo"]
[ECO "C50"]
[NIC "IG.02"]
[Time "23:47:24"]
[TimeControl "180+2"]

1. e4 e5 2. Nf3 Nc6 3. Bc4 Bc5 4. d3 Nf6 5. c3 d6 6. Nbd2 Bg4 7. Nf1 O-O 8.
Ng3 d5 9. exd5 Nxd5 10. O-O Nf4 11. h3 Bxf3 12. Qxf3 Ng6 13. Ne4 Bb6 14. Bg5
Qd7 15. h4 Kh8 16. h5 Nge7 17. h6 f5 18. hxg7+ Kxg7 19. Qh3 Kh8 20. Nf6 Rxf6
21. Bxf6# {Black checkmated} 1-0

[Event "ICC tourney 2171 (3 2)"]
[Site "Internet Chess Club"]
[Date "2020.12.04"]
[Round "7"]
[White "chiringuito"]
[Black "DFKnights"]
[Result "1-0"]
[ICCResult "Black resigns"]
[WhiteElo "1862"]
[BlackElo "1661"]
[Opening "Nimzovich-Larsen attack: Indian variation"]
[ECO "A01"]
[NIC "VO.08"]
[Time "23:47:31"]
[TimeControl "180+2"]

1. b3 Nf6 2. Bb2 g6 3. Bxf6 exf6 4. c4 Bg7 5. Nc3 O-O 6. e3 d6 7. g3 Re8 8.
Bg2 c6 9. Nge2 Bg4 10. O-O Nd7 11. Rc1 Nc5 12. d4 Nd7 13. b4 Qb6 14. Qb3 Be6
15. d5 cxd5 16. cxd5 Bf5 17. e4 Bg4 18. Na4 Qb5 19. Nd4 Qa6 20. f3 f5 21.
Rcd1 Bh5 22. exf5 gxf5 23. Nxf5 Bg6 24. b5 Qa5 25. Nxd6 Nb6 26. Nxe8 Rxe8
27. Nc5 Nc8 28. Kh1 Qb6 29. Ne4 Nd6 30. Nxd6 Qxd6 31. f4 h5 32. f5 Bh7 33.
Qf3 Qh6 34. d6 Rd8 35. d7 Bf6 36. Rfe1 Kg7 37. Re8 Qg5 38. Rxd8 Bxd8 39.
Qxb7 Qxf5 40. Qxa7 Qg4 41. Qd4+ Bf6 42. Qxg4+ hxg4 43. d8=Q Bxd8 44. Rxd8
Bf5 45. b6 {Black resigns} 1-0

[Event "ICC tourney 2171 (3 2)"]
[Site "Internet Chess Club"]
[Date "2020.12.04"]
[Round "7"]
[White "A4-H5"]
[Black "stephenwilly"]
[Result "0-1"]
[ICCResult "White checkmated"]
[WhiteElo "1769"]
[BlackElo "1603"]
[Opening "Amar (Paris) opening"]
[ECO "A00"]
[NIC "VO.16"]
[Time "23:47:22"]
[TimeControl "180+2"]

1. Nh3 d5 2. d4 c5 3. Nc3 cxd4 4. Qxd4 Nf6 5. e4 Nc6 6. Bb5 Bd7 7. Bxc6 Bxc6
8. e5 Ne4 9. O-O e6 10. b4 Rc8 11. b5 Nxc3 12. Qxc3 Bxb5 13. Qf3 Bxf1 14.
Ng5 Rc7 15. Kxf1 Bc5 16. Qh5 h6 17. Nxe6 Qd7 18. Nxc7+ Qxc7 19. e6 O-O 20.
e7 Bxe7 21. g3 Bf6 22. Rb1 Qxc2 23. Rxb7 Qxc1+ 24. Kg2 d4 25. Qd5 Qc2 26. h4
d3 27. Rd7 Rd8 28. Rxd8+ Bxd8 29. Qxd8+ Kh7 30. Qe8 d2 31. Qxf7 d1=Q 32. g4
Qxg4+ 33. Kh1 Qce4+ 34. f3 Qexf3+ 35. Qxf3 Qxf3+ 36. Kh2 Qe2+ 37. Kh3 Qxa2
38. h5 Qf2 39. Kg4 a5 40. Kh3 g5 41. Kg4 a4 42. Kh3 a3 43. Kg4 a2 44. Kh3
a1=Q 45. Kg4 Qag1+ 46. Kh3 Qfh2# {White checkmated} 0-1

[Event "ICC tourney 2171 (3 2)"]
[Site "Internet Chess Club"]
[Date "2020.12.04"]
[Round "7"]
[White "IshanVannadil"]
[Black "Kyle45"]
[Result "1-0"]
[ICCResult "Black checkmated"]
[WhiteElo "1645"]
[BlackElo "1427"]
[Opening "Sicilian defense"]
[ECO "B41"]
[NIC "SI.41"]
[Time "23:47:21"]
[TimeControl "180+2"]

1. e4 c5 2. Nf3 e6 3. d4 cxd4 4. Nxd4 Be7 5. Nc3 Bf6 6. f4 Nc6 7. e5 Be7 8.
Ndb5 a6 9. Nd6+ Bxd6 10. Qxd6 Qe7 11. Qd1 f6 12. Bd3 fxe5 13. fxe5 Qh4+ 14.
g3 Qd4 15. Bf4 Nge7 16. Qd2 Qb6 17. Na4 Qb4 18. Qxb4 Nxb4 19. Nb6 Rb8 20.
Be4 Ned5 21. Nc4 O-O 22. O-O b5 23. Nd6 Rb6 24. c3 Nc6 25. Rf3 Nxf4 26. gxf4
Ne7 27. Raf1 a5 28. b3 b4 29. c4 g6 30. Bb1 Nf5 31. Ne4 Nd4 32. Rd3 Nf5 33.
Nf6+ Kg7 34. Nxd7 Bxd7 35. Rxd7+ Kh6 36. Rf3 g5 37. Rh3+ Kg6 38. Rhxh7 gxf4
39. Rdg7# {Black checkmated} 1-0

[Event "ICC tourney 2171 (3 2)"]
[Site "Internet Chess Club"]
[Date "2020.12.04"]
[Round "7"]
[White "clair"]
[Black "blackjack721"]
[Result "1-0"]
[ICCResult "Black checkmated"]
[WhiteElo "1206"]
[BlackElo "1194"]
[Opening "Queen's pawn: London system"]
[ECO "A45"]
[NIC "QP.07"]
[Time "23:47:29"]
[TimeControl "180+2"]

1. d4 Nf6 2. Bf4 d5 3. e3 c5 4. c3 e6 5. Nd2 a6 6. Ngf3 Nc6 7. h3 Bd6 8. Ne5
Ne4 9. Bd3 Nxe5 10. dxe5 Be7 11. Nxe4 dxe4 12. Bxe4 Qb6 13. Qb3 Qxb3 14.
axb3 O-O 15. Rxa6 Rxa6 16. O-O b5 17. Bd3 Bd7 18. Rd1 Bc6 19. Be2 Ra2 20.
Rd2 Be4 21. f3 Ra1+ 22. Rd1 Rxd1+ 23. Bxd1 Bd3 24. e4 c4 25. Kf2 Bc5+ 26.
Be3 Bxe3+ 27. Kxe3 f6 28. exf6 Rxf6 29. bxc4 bxc4 30. b3 Bf1 31. b4 Bxg2 32.
h4 e5 33. Kf2 Bh3 34. Ba4 Be6 35. b5 Rf8 36. Ke3 Ra8 37. b6 Rxa4 38. b7 Ra3
39. b8=Q+ Kf7 40. Qb7+ Kg6 41. Qb4 Ra1 42. Qd6 Re1+ 43. Kf2 Rh1 44. Qxe6+
Kh5 45. Qg4+ Kh6 46. Qg5# {Black checkmated} 1-0

[Event "ICC tourney 2171 (3 2)"]
[Site "Internet Chess Club"]
[Date "2020.12.04"]
[Round "7"]
[White "jaumevivesb"]
[Black "avbhosale"]
[Result "1-0"]
[ICCResult "Black forfeits on time"]
[WhiteElo "1306"]
[BlackElo "1173"]
[Opening "Scotch: Göring gambit"]
[ECO "C44"]
[NIC "SO.06"]
[Time "23:47:27"]
[TimeControl "180+2"]

1. e4 e5 2. Nf3 Nc6 3. d4 exd4 4. c3 dxc3 5. Bc4 h6 6. Nxc3 Nf6 7. b3 Bc5 8.
Bb2 Qe7 9. Bd3 Nb4 10. O-O d6 11. Re1 Ng4 12. Nd5 Nxf2 13. Nxe7 Nxd1+ 14.
Kf1 Nxd3 15. Bxg7 Rh7 16. Bf6 Nxe1 17. Rxd1 Nxf3 18. gxf3 Bh3+ 19. Ke2 d5
20. Nxd5 Kd7 21. Nf4+ Kc6 22. Nxh3 Re8 23. Rc1 Kb6 24. Nf4 Bd6 25. Nd5+ Ka6
26. a4 Bxh2 27. b4 {Black forfeits on time} 1-0

[Event "ICC tourney 2171 (3 2)"]
[Site "Internet Chess Club"]
[Date "2020.12.04"]
[Round "7"]
[White "TjkTiger"]
[Black "KRASAVCHIK"]
[Result "1-0"]
[ICCResult "Black resigns"]
[WhiteElo "2378"]
[BlackElo "2961"]
[Opening "English: Symmetrical, Keres defense"]
[ECO "A30"]
[NIC "TD.02"]
[Time "23:47:44"]
[TimeControl "180+2"]

1. c4 c5 2. g3 Nf6 3. Bg2 e6 4. Nf3 Nc6 5. Nc3 d5 6. cxd5 Nxd5 7. O-O Be7 8.
d4 O-O 9. e4 Nb6 10. d5 exd5 11. exd5 Nb4 12. Ne5 Bf6 13. f4 Bf5 14. Be3 c4
15. Bc5 Nd3 16. Bxf8 Qxf8 17. g4 Bg6 18. Nxd3 Bxd3 19. Re1 g6 20. Kh1 Qb4
21. Qd2 Na4 22. Rac1 Nxb2 23. g5 Bd4 24. d6 Na4 25. d7 Rf8 26. Re8 Bb6 27.
a3 Qa5 28. Qe1 Nxc3 29. Qxc3 Qxc3 30. Rxc3 Ba5 31. Bd5 b5 32. a4 a6 33. axb5
axb5 34. Ra3 c3 35. Rxa5 c2 36. Rxf8+ {Black resigns} 1-0

[Event "ICC tourney 2171 (3 2)"]
[Site "Internet Chess Club"]
[Date "2020.12.04"]
[Round "7"]
[White "Drachekokosnuss"]
[Black "javasri"]
[Result "0-1"]
[ICCResult "White resigns"]
[WhiteElo "1605"]
[BlackElo "1675"]
[Opening "Sicilian: Najdorf, Adams attack"]
[ECO "B90"]
[NIC "SI.14"]
[Time "23:47:42"]
[TimeControl "180+2"]

1. e4 c5 2. Nf3 d6 3. d4 cxd4 4. Nxd4 Nf6 5. Nc3 a6 6. h3 e6 7. g4 Nc6 8.
Bg2 Bd7 9. O-O Rc8 10. Be3 Be7 11. f4 h6 12. Nb3 Na5 13. e5 dxe5 14. fxe5
Nh7 15. Qf3 O-O 16. Rad1 Nxb3 17. axb3 Qc7 18. Qxb7 Qxe5 19. Bd4 Bc5 20.
Qxd7 Rcd8 21. Qc6 Rxd4 22. Rxd4 Bxd4+ 23. Kh1 Ng5 24. Qxa6 Bc5 25. Qe2 Qg3
26. Qf3 Nxf3 27. Rxf3 Qe1+ 28. Rf1 Qe3 29. Na4 Ba7 30. Nc3 Rd8 31. Nb5 Rd2
32. Nxa7 Qxa7 33. Rg1 Qf2 34. c4 Rc2 35. b4 Rxc4 36. b5 Rb4 37. b6 Rxb6 38.
Rf1 Qxb2 39. Rg1 Rc6 40. Kh2 Rc2 41. Kh1 g5 42. Kh2 Kg7 43. Kh1 f5 44. Kh2
f4 45. Kh1 e5 46. Rd1 Rxg2 47. Rd7+ Kf6 48. Rd6+ Ke7 {White resigns} 0-1

[Event "ICC tourney 2171 (3 2)"]
[Site "Internet Chess Club"]
[Date "2020.12.04"]
[Round "7"]
[White "chessfidebullet"]
[Black "chesswarriors12"]
[Result "0-1"]
[ICCResult "White forfeits on time"]
[WhiteElo "1083"]
[BlackElo "1449"]
[Opening "Bishop's opening: Berlin defense"]
[ECO "C24"]
[NIC "IG.04"]
[Time "23:47:23"]
[TimeControl "180+2"]

1. e4 e5 2. Bc4 Nf6 3. d3 Nc6 4. Be3 a6 5. Nd2 b5 6. Bd5 Bb7 7. f4 exf4 8.
Bxf4 Bc5 9. Nb3 Bb6 10. c4 bxc4 11. Bxc4 d6 12. Nf3 Qd7 13. Ng5 O-O 14. Nd2
Ng4 15. h3 Nf2 16. Qh5 h6 17. O-O hxg5 18. Bxg5 Nxh3+ 19. Kh2 Nxg5 20. Qxg5
Ne5 21. Qh4 Qg4 22. Qxg4 Nxg4+ 23. Kg3 Ne3 24. Rf3 Nxc4 25. Nxc4 f6 26. Ne3
Bxe3 27. Rxe3 d5 28. e5 fxe5 29. Rxe5 Rae8 30. Rae1 Rxe5 31. Rxe5 Rf7 32.
Kg4 Bc8+ 33. Kg5 Bb7 34. Kg6 Rf6+ 35. Kg5 Rb6 36. b3 Kf7 37. Rf5+ Rf6 38.
Rxf6+ gxf6+ 39. Kf5 c6 40. Kf4 Kg6 41. g4 Bc8 42. d4 Be6 43. b4 Kf7 44. a4
Ke7 {White forfeits on time} 0-1

[Event "ICC tourney 2171 (3 2)"]
[Site "Internet Chess Club"]
[Date "2020.12.04"]
[Round "7"]
[White "CaptK"]
[Black "GGuseinov"]
[Result "1/2-1/2"]
[ICCResult "Game drawn by mutual agreement"]
[WhiteElo "2180"]
[BlackElo "2770"]
[Opening "King's Indian: fianchetto, lesser Simagin (Spassky) variation"]
[ECO "E62"]
[NIC "KI.72"]
[Time "23:47:21"]
[TimeControl "180+2"]

1. d4 Nf6 2. c4 g6 3. g3 Bg7 4. Bg2 O-O 5. Nc3 d6 6. Nf3 Nc6 7. O-O Bf5 8.
d5 Na5 9. Nd2 c6 10. b4 Nxc4 11. Nxc4 Nxd5 12. Nxd5 Bxa1 13. Bh6 Bg7 14.
Bxg7 Kxg7 15. Nde3 Bc8 16. a4 d5 17. Na5 Qd6 18. b5 Qb4 19. Qe1 Qxa4 20.
bxc6 bxc6 21. Qc3+ d4 22. Qxc6 Qxa5 23. Nc4 Qc3 24. Qxa8 Qxc4 25. Qxa7 e5
26. e3 d3 27. Qe7 Be6 28. Qd6 Qb5 29. Rd1 Rc8 30. Rxd3 Rc1+ 31. Rd1 Qb1 32.
Qxe5+ Kg8 33. Rxc1 Qxc1+ 34. Bf1 Bh3 35. Qb8+ Kg7 36. Qe5+ f6 37. Qb5 h5 38.
Qe2 g5 39. f3 Bxf1 40. Qxf1 Qxe3+ 41. Kg2 Kh6 42. Qa6 Qd2+ 43. Kg1 Qd4+ 44.
Kg2 Qb2+ 45. Kg1 Qe5 46. Qa8 Qd4+ 47. Kg2 Kg7 48. Qb7+ Kg6 49. Qa8 Qd2+ 50.
Kg1 Qe1+ 51. Kg2 Qe2+ 52. Kg1 Qe6 53. Kg2 h4 54. gxh4 gxh4 55. Qe4+ Qxe4 56.
fxe4 Kh6 57. Kf3 Kg5 58. h3 f5 59. e5 f4 60. e6 Kf6 61. Kxf4 Kxe6 62. Kg4
Kf6 63. Kxh4 Kg6 64. Kg3 {Game drawn by mutual agreement} 1/2-1/2

[Event "ICC tourney 2171 (3 2)"]
[Site "Internet Chess Club"]
[Date "2020.12.04"]
[Round "7"]
[White "Aleksandrov73"]
[Black "Openyagami"]
[Result "1-0"]
[ICCResult "Black resigns"]
[WhiteElo "2214"]
[BlackElo "2624"]
[Opening "King's Indian: Gligoric-Taimanov system"]
[ECO "E92"]
[NIC "KI.18"]
[Time "23:47:24"]
[TimeControl "180+2"]

1. d4 Nf6 2. c4 g6 3. Nc3 Bg7 4. e4 O-O 5. Be2 d6 6. Nf3 e5 7. Be3 Na6 8.
O-O Ng4 9. Bg5 Qe8 10. dxe5 dxe5 11. Qb3 c6 12. Rad1 f6 13. Bc1 Nc5 14. Qa3
Ne6 15. c5 Kh8 16. Nd2 Nd4 17. Nc4 f5 18. Nd6 Qe7 19. exf5 gxf5 20. Bxg4
fxg4 21. Nxc8 Raxc8 22. Ne4 Qh4 23. Kh1 Rf3 24. Qxa7 Rcf8 25. Qxb7 Rh3 26.
gxh3 Qxh3 27. Ng5 Qh5 28. Rxd4 exd4 29. Qxc6 g3 30. Qg2 gxf2 31. Ne4 d3 32.
Ng3 Qxc5 33. Ne4 Qc2 34. Be3 Qe2 35. Bxf2 d2 36. Nxd2 Qxd2 37. b4 Qxb4 38.
Bg1 Rg8 39. Qf3 Qa4 40. a3 Be5 41. Qd5 Bb2 42. Qf3 Qc2 43. h3 Qa4 44. Bh2
Bg7 45. Rg1 Rf8 46. Qg4 Qa8+ 47. Qg2 Qa7 48. Bd6 Rg8 49. Be5 h6 50. Bxg7+
Rxg7 51. Qxg7+ Qxg7 52. Rxg7 Kxg7 53. Kg2 Kf6 54. Kg3 Ke5 55. Kh4 Kd4 56.
Kh5 {Black resigns} 1-0